 Dungeon Crawl Stone Soup version 0.18.1-50-g88ac8fd (webtiles) character file.

50 Amnesiac the Skirmisher (level 3, 0/22 HPs)
             Began as a Deep Elf Fighter on Mar 2, 2018.
             Slain by a gnoll
             ... wielding a cursed -1 spear
              (6 damage)
             ... on level 4 of the Dungeon.
             The game lasted 00:01:25 (915 turns).

Amnesiac the Skirmisher (Deep Elf Fighter)           Turns: 915, Time: 00:01:26

Health: 0/22       AC:  6    Str: 14    XL:     3   Next: 55%
Magic:  5/5        EV:  7    Int: 12    God:
Gold:   4          SH:  8    Dex: 14    Spells: 0 memorised, 2 levels left

rFire  . . .     SeeInvis .     a - +0 rapier
rCold  . . .     Gourm    .     b - +0 scale mail
rNeg   . . .     Faith    .     c - +0 shield
rPois  .         Spirit   .     (no helmet)
rElec  .         Dismiss  .     (no cloak)
rCorr  .         Reflect  .     (no gloves)
SustAt .         Harm     .     (no boots)
MR     .....                    (no amulet)
Stlth  ..........               (no ring)
                                (no ring)

@: glowing, not resistant to hostile enchantments, extremely unstealthy
A: no striking features
a: no special abilities


You were on level 4 of the Dungeon.
You were not hungry.

You visited 1 branch of the dungeon, and saw 5 of its levels.

You collected 4 gold pieces.

Inventory:

Hand Weapons
 a - a +0 rapier (weapon)
Missiles
 k - 11 poisoned needles
Armour
 b - a +0 scale mail (worn)
 c - a +0 shield (worn)
Wands
 n - a wand of paralysis (11/24)
Scrolls
 l - 3 scrolls of identify {!r, unknown}
 m - a scroll of teleportation {!r, unknown}
Potions
 e - a potion of magic {!q, unknown}
 g - a potion of curing {!q, unknown}
 i - a potion of flight {!q, unknown}
 j - a potion of lignification {!q, unknown}
Comestibles
 d - a meat ration
 f - 2 bread rations
 h - a royal jelly


   Skills:
 * Level 2.7 Fighting
 - Level 2.0 Short Blades
 * Level 2.7 Armour
 + Level 2.6 Dodging
 * Level 2.6 Shields


You had 2 spell levels left.
You didn't know any spells.

Dungeon Overview and Level Annotations

Branches:
Dungeon (5/15)
 Temple: D:4-7

Altars:

Annotations:
D:3 Terence
D:4 Blork the orc


Message History

Unknown command.
You puncture the iguana!
You kill the iguana!
You have reached level 3!
Your experience leads to an increase in your attributes!
Your base attributes are Str 13, Int 12, Dex 14.
Increase (S)trength, (I)ntelligence, or (D)exterity?
You feel stronger.
A quokka comes into view.
You see here an iguana corpse.
You butcher the iguana corpse.
You see here a chunk of flesh.
n - a chunk of flesh
There is a stone staircase leading down, spattered with blood here.
You climb downwards.
There is a stone staircase leading up here.
You start resting.
You feel a little less mighty now.
You start resting.
You start resting.
You hear a distant blaring wail to the southwest.
You hear a distant slurping noise.
HP restored.
You start resting.
All of the chunks of flesh in your inventory have rotted away.
You hear a distant slurping noise.
HP restored.
You climb upwards.
There is a stone staircase leading down, spattered with blood here.
No target in view!
No target in view!
You climb downwards.
There is a stone staircase leading up here.
No target in view!
You hear a distant slurping noise.
You climb upwards.
There is a stone staircase leading down, spattered with blood here.
A gnoll comes into view.
The gnoll shouts!
A gnoll is nearby!
A gnoll is nearby!
A gnoll comes into view. It is wielding a club.
The gnoll shouts!
A gnoll comes into view. It is wielding a spear.
The gnoll shouts!
A gnoll and Blork the orc come into view.
Blork the orc shouts!
The gnoll shouts!
A gnoll shaman comes into view. It is wielding a whip.
The gnoll shaman mumbles some strange prayers to its god against you.
You are outlined in light.
A gnoll shaman comes into view. It is wielding a whip.
You see here a silver wand.
n - a wand of paralysis The gnoll hits you.
The gnoll hits you with a club.
Blork the orc screams, "I'll eat your brain!
And then I'll vomit it back up!"
A gnoll and a skeleton come into view.
The gnoll hits you!
* * * LOW HITPOINT WARNING * * *
Blork the orc screams, "I'll break your arms!"
The gnoll hits you.
* * * LOW HITPOINT WARNING * * *
Blork the orc screams, "I'll break your arms!"
The gnoll hits you from afar with a spear.
You die...

############
#..........#
#.#######.###########
#....................
#>..............g...Z
#..######.#.......#..
#...@g.g.g.g.........
##....g.#o#.#........
#......#.#..........
#......#.####.##.#.#
#.....##.# ... .
#.....##.# ###.#
.......+..# ..
###....#### .# #


You could see Blork the orc, a gnoll shaman and 4 gnolls.

Vanquished Creatures
  An iguana (D:4)
  An adder (D:5)
  2 giant geckos (D:3)
  A ball python (D:2)
  4 goblins
  A hobgoblin (D:2)
  A bat (D:1)
  A giant newt (D:3)
  3 kobolds (D:3)
15 creatures vanquished.

Notes
Turn   | Place    | Note
--------------------------------------------------------------
     0 | D:1      | Amnesiac the Deep Elf Fighter began the quest for the Orb.
     0 | D:1      | Reached XP level 1. HP: 13/13 MP: 3/3
    81 | D:1      | Reached skill level 1 in Dodging
   398 | D:3      | Noticed Terence
   431 | D:3      | Reached XP level 2. HP: 17/18 MP: 4/4
   578 | D:3      | You fall through a shaft for 2 floors!
   578 | D:5      | Entered Level 5 of the Dungeon
   625 | D:4      | Reached XP level 3. HP: 3/22 MP: 5/5
   904 | D:4      | Noticed Blork the orc
   915 | D:4      | Slain by a gnoll

Skill      XL: |  1 |
---------------+----+-----
Dodging        | 2 |  2.6
Fighting       | |  2.7
Short Blades   | |  2.0
Armour         | |  2.7
Shields        | |  2.6

Action                   || total
-------------------------++-------
Melee: Rapier            ||    61
  Use: Scroll            ||     1
       Potion            ||     1
Armor: Scale mail        ||    25
Dodge: Dodged            ||    13
Block: Shield            ||    26
